 Dungeon Crawl Stone Soup version 0.29-a0-520-gc852659d43 (webtiles) character file.

Game seed: 55083070077698995

86 xian the Shield-Bearer (level 4, 0/40 HPs)
             Began as a Draconian Fighter on May 31, 2022.
             Slain by Sigmund
             ... wielding a +0 scythe
              (6 damage)
             ... on level 2 of the Dungeon.
             The game lasted 00:03:57 (1608 turns).

xian the Shield-Bearer (Draconian Fighter)          Turns: 1608, Time: 00:03:57

Health: 0/40       AC:  6    Str: 21    XL:     4   Next: 26%
Magic:  13/13      EV: 12    Int:  8    God:
Gold:   79         SH:  4    Dex: 10    Spells: 3/3 levels left

rFire   . . .      SeeInvis .   k - +1 short sword (flame)
rCold   . . .      Faith    .   b - +0 buckler
rNeg    . . .      Spirit   .   (body armour unavailable)
rPois   .          Reflect  .   (helmet restricted)
rElec   .          Harm     .   j - +0 cloak
rCorr   .          Rampage  .   (no gloves)
Will    .....                   (no boots)
Stlth   +.........              (no amulet)
HPRegen 0.13/turn               h - ring of magical power
MPRegen 0.13/turn               (no ring)

@: mighty
A: AC +5, unfitting armour, cold-blooded
a: no special abilities


You were on level 2 of the Dungeon.
You visited 1 branch of the dungeon, and saw 2 of its levels.

You collected 79 gold pieces.

Inventory:

Hand Weapons
 d - a +0 short sword of draining
 k - a +1 short sword of flaming (weapon)
Missiles
 a - 2 atropa-tipped darts (quivered)
 e - a throwing net
Armour
 b - a +0 buckler (worn)
 j - a +0 cloak (worn)
Jewellery
 h - a ring of magical power (left hand)
Scrolls
 f - a scroll of teleportation {unknown}
 g - a scroll of noise {unknown}
Potions
 i - a potion of resistance {unknown}


   Skills:
 + Level 3.8 Fighting
 + Level 1.2(1.9) Short Blades
 + Level 2.1(2.3) Long Blades
 + Level 3.3 Dodging
 + Level 0.1 Stealth
 + Level 3.9 Shields


You had 3 spell levels left.
You didn't know any spells.
Your spell library contained the following spells:

 Spells                   Type           Power      Damage    Failure   Level
 Summon Small Mammal      Summ           0%         N/A       50%         1
 Call Canine Familiar     Summ           0%         N/A       86%         3
 Summon Guardian Golem    Hex/Summ       0%         N/A       86%         3


Dungeon Overview and Level Annotations

Branches:
Dungeon (2/15)

Altars:
Cheibriados

Annotations:
D:2 Sigmund


Innate Abilities, Weirdness & Mutations

Your plain brown scales are hard. (AC +5)
You cannot fit into any form of body armour.
You are cold-blooded and may be slowed by cold attacks.


Message History

You hit the kobold.
You kill the kobold!
Things that are here:
a +1 short sword of flaming; 4 stones
Things that are here:
a +1 short sword of flaming; 4 stones
k - a +1 short sword of flaming Your +1 short sword of flaming bursts into flame!
k - a +1 short sword of flaming (weapon)
Found a snail-covered altar of Cheibriados.
Sigmund the Dreaded comes into view.
He is wielding a +0 scythe.
Sigmund casts a spell.
Sigmund flickers and vanishes!
Deactivating autopickup; reactivate with Ctrl-A.
A puff of flame appears from out of thin air!
The puff of flame hits you!
Found 13 gold pieces.
Something hits you!
No target in view!
Throw: 5 darts (atropa)
Press: ? - help, Q - select action, (/) - cycle Shift-Dir - straight line You throw an atropa-tipped dart.
You hear some strange, mumbled words.
A puff of flame appears from out of thin air!
The puff of flame hits you but does no damage.
Throw: 4 darts (atropa)
Press: ? - help, Q - select action, (/) - cycle Shift-Dir - straight line You throw an atropa-tipped dart.
Something hits you!
Unknown command.
Throw: 3 darts (atropa)
Press: ? - help, Q - select action, (/) - cycle Shift-Dir - straight line You throw an atropa-tipped dart.
Something hits you.
* * * LOW HITPOINT WARNING * * *
Unknown command.
You feel very mighty all of a sudden.
You barely miss something. Something hits you.
* * * LOW HITPOINT WARNING * * *
You barely miss something. You tail-slap something. Something hits you.
You die...

#.#####.###.# #.#
#.## #.. .# #.# ##
### .# #.# .#### #.#
.... . ..# ..###.$
###### ####
####.($.... ## #..
..# #...{..# .###.#
#.# #..@...# ...#.#
##.####.._...#
.#.#.###.#.##......##
##..(.#.###.#......#
.......## ##.......#
##....#.# #.#.#.##.#
#.#.###.#.##.#.##.#
#.#.# #.# #.#.##.#
#.#.. ...# #.#.##.#


There were no monsters in sight!

Vanquished Creatures
  3 gnolls (D:2)
  An adder (D:2)
  3 worms (D:2)
  4 dart slugs
  3 bats
  4 endoplasms
  A goblin (D:1)
  3 hobgoblins
  3 kobolds
  A quokka (D:2)
  2 ball pythons (D:2)
  5 frilled lizards (D:1)
  2 rats (D:2)
35 creatures vanquished.

Notes
Turn   | Place    | Note
-------+----------+-------------------------------------------
     0 | D:1      | xian the Draconian Fighter began the quest for the Orb.
     0 | D:1      | Reached XP level 1. HP: 19/19 MP: 1/1
   242 | D:1      | Found a faded altar of an unknown god.
   375 | D:1      | Reached XP level 2. HP: 26/26 MP: 2/2
   956 | D:2      | Reached XP level 3. HP: 21/31 MP: 3/3
  1249 | D:2      | Reached skill level 1 in Short Blades
  1258 | D:2      | Reached XP level 4. HP: 26/40 MP: 4/4
  1595 | D:2      | Found a snail-covered altar of Cheibriados.
  1596 | D:2      | Noticed Sigmund
  1608 | D:2      | Slain by Sigmund

Illustrated notes

Levels and vault maps discovered:
D:1:      elethiomel_arrival_shortcut, layout_rooms,
          hellmonk_ecumenical_altar_crossroads, chequers_serial_rivers_small_3,
          fountainhead, chequers_arboretum
D:2:      layout_loops_ring, basic_altar, fountainhead, uniq_sigmund

Skill      XL: |  1  2  3 |
---------------+----------+-----
Dodging        | 3 |  3.3
Short Blades   | 1 |  1.2
Fighting       | |  3.8
Long Blades    | |  2.1
Stealth        | |  0.1
Shields        | |  3.9

Action                   |  1- 3 |  4- 6 || total
-------------------------+-------+-------++-------
Melee: Short sword       |    79 |    23 ||   102
       Long sword        |     5 |       ||     5
       Tailslap          |     8 |     8 ||    16
Throw: Dart              |       |     3 ||     3
  Use: Potion            |       |     1 ||     1
Armor: Skin              |    12 |     2 ||    14
Dodge: Dodged            |    46 |     5 ||    51
Block: Buckler           |     9 |       ||     9

Table legend: (Time is in decaauts)
 A = Elapsed time spent in this place.
 B = Non-inter-level travel time spent in this place.
 C = Inter-level travel time spent in this place.
 D = Time resting spent in this place.
 E = Time spent auto-exploring this place.
 F = Levels seen in this place.
 G = Mean time per level.
                   A        B        C        D        E       F      G
               +--------+--------+--------+--------+--------+-----+--------+
         Total |   1623 |   1583 |     40 |      0 |   1184 |   2 |  811.5 |
       Dungeon |   1623 |   1583 |     40 |      0 |   1184 |   2 |  811.5 |
               +--------+--------+--------+--------+--------+-----+--------+

Top non-repeatable levels by time:
     D:1: 832 daAuts
     D:2: 790 daAuts
